 Dungeon Crawl Stone Soup version 0.21-a0-521-g1cd18d1 (webtiles) character file.

3890 Lanoc the Fighter (level 10, -3/88 HPs)
             Began as a Gnoll Wanderer on Dec 5, 2017.
             Was a Follower of Sif Muna.
             Slain by an orc warrior
             ... wielding a +0 halberd
              (14 damage)
             ... on level 9 of the Dungeon.
             The game lasted 00:35:07 (10419 turns).

Lanoc the Fighter (Gnoll Wanderer)                 Turns: 10419, Time: 00:35:07

Health: -3/88      AC: 23    Str: 17    XL:     10   Next: 19%
Magic:  17/17      EV: 12    Int: 14    God:    Sif Muna [*.....]
Gold:   885        SH:  6    Dex: 16    Spells: 18/18 levels left

rFire    . . .     SeeInvis .   e - +2 dagger (vamp)
rCold    . . .     Gourm    .   r - +0 buckler {AC+3}
rNeg     . . .     Faith    .   a - +3 scale mail
rPois    .         Spirit   .   s - +0 helmet
rElec    .         Reflect  .   q - +2 cloak
rCorr    +         Harm     .   o - +2 pair of gloves
MR       .....                  f - +0 pair of boots
Stlth    ++........             (no amulet)
HPRegen  0.24/turn              d - ring of resist corrosion
MPRegen  0.15/turn              (no ring)

@: no status effects
A: distributed training, fangs 1, strong nose
a: Divine Energy, Renounce Religion


You were on level 9 of the Dungeon.
You worshipped Sif Muna.
Sif Muna was aware of your devotion.
You were not hungry.

You visited 2 branches of the dungeon, and saw 10 of its levels.
You also visited: Ossuary.

You collected 885 gold pieces.

Inventory:

Hand Weapons
 e - a +2 vampiric dagger (weapon)
 v - a +0 hand crossbow of flaming
 B - a cursed -2 trident
 F - a +3 long sword of slicing
Missiles
 k - an exploding tomahawk (quivered)
Armour
 a - a +3 scale mail (worn)
 f - a +0 pair of boots (worn)
 o - a +2 pair of gloves (worn)
 q - a +2 cloak (worn)
 r - a +0 buckler of protection (worn)
 s - a +0 helmet (worn)
Magical Staves
 D - an uncursed staff of conjuration {unknown}
Jewellery
 d - a ring of resist corrosion (left hand)
Wands
 t - a wand of iceblast (7)
 y - a wand of disintegration (27)
 z - a wand of scattershot (8)
 E - a wand of digging (14)
Scrolls
 b - 5 scrolls of teleportation
 c - a scroll of enchant armour
 i - 7 scrolls of identify
 j - a scroll of enchant weapon
 m - 3 scrolls of magic mapping
 p - a scroll of immolation {unknown}
 u - a scroll of amnesia
 w - a scroll of fear
 x - a scroll of remove curse
Potions
 l - 2 potions of flight
 n - 2 potions of ambrosia
 G - a potion of might
Books
 A - a book of Unlife

   Spells                             Type                      Level
   a - Recall                         Summoning/Translocation      3
   b - Animate Dead                   Necromancy                   4
   c - Control Undead                 Necromancy                   4
   d - Cigotuvi's Embrace             Necromancy                   5
   e - Death Channel                  Necromancy                   6
   f - Simulacrum                     Ice/Necromancy               6
Miscellaneous
 C - a phial of floods (inert)
Comestibles
 g - 3 royal jellies
 h - 9 bread rations
 I - 4 chunks of flesh
 J - a meat ration


   Skills:
 + Level 11.3 Fighting
 + Level 4.9 Short Blades
 + Level 4.9 Long Blades
 + Level 4.9 Axes
 + Level 4.9 Maces & Flails
 + Level 4.9 Polearms
 + Level 4.9 Staves
 + Level 4.9 Slings
 + Level 4.9 Bows
 + Level 4.9 Crossbows
 + Level 4.9 Throwing
 + Level 6.8 Armour
 + Level 4.9 Dodging
 + Level 4.9 Stealth
 + Level 5.6 Shields
 + Level 5.6 Unarmed Combat
 + Level 4.9 Spellcasting
 + Level 4.1 Conjurations
 + Level 4.1 Hexes
 + Level 4.1 Charms
 + Level 4.1 Summonings
 + Level 4.1 Necromancy
 + Level 4.1 Translocations
 + Level 4.1 Transmutations
 + Level 4.1 Fire Magic
 + Level 4.1 Ice Magic
 + Level 4.1 Air Magic
 + Level 4.1 Earth Magic
 + Level 4.1 Poison Magic
 + Level 5.4 Invocations
 + Level 5.6 Evocations


You had 18 spell levels left.
You didn't know any spells.

Dungeon Overview and Level Annotations

Branches:
Dungeon (9/15)             Temple (1/1) D:7             Orc (0/2) D:9
   Lair: D:8-11

Altars:
Ashenzari
Cheibriados
Dithmenos
Elyvilon
Fedhas
Gozag
Hepliaklqana
Kikubaaqudgha
Makhleb
Nemelex Xobeh
Okawaru
Qazlal
Ru
Sif Muna
Trog
Uskayaw
Vehumet
Wu Jian
Xom
Yredelemnul
Zin
The Shining One
Beogh


Innate Abilities, Weirdness & Mutations

Your experience applies equally to all skills.
You have very sharp teeth.
Your uncanny sense of smell can sniff out nearby items.


Message History

You hit the orc warrior but do no damage.
The orc warrior is severely wounded.
You block the orc warrior's attack.
You hit the orc warrior but do no damage.
The orc warrior is severely wounded.
You hit the orc warrior.
You feel better.
The orc warrior is severely wounded.
The orc warrior hits you with a halberd!
* * * LOW HITPOINT WARNING * * *
You hit the orc warrior.
The orc warrior is almost dead.
The orc warrior hits you with a halberd!
* * * LOW HITPOINT WARNING * * *
You barely miss the orc warrior.
The orc warrior is almost dead.
You hit the orc warrior but do no damage.
You bite the orc warrior.
The orc warrior is almost dead.
The orc warrior hits you with a halberd!
You die...

#. .. #...# ##+##### ##.#####
#......# #.......
#......#####.......
#################....#)..........
................#....#)###.......
............[#..#....)(# #..>....
....)........#..#o...### #.......
..!.)..........)@)..)# #.......
.....##.........#.#### ####.###
................######### #..#
................#.......# ##.#
#################.......######'##
#..........##..).... ∆
#..........##.......
#...................
#..........##.......


You could see an orc warrior.

Vanquished Creatures
  A hornet (D:9)
  A yak (D:7)
  3 hogs (D:7)
  A human (D:7)
  A hungry ghost (D:9)
  2 orc warriors
  2 ice beasts
  A centaur (D:5)
  A phantom (D:5)
  An ogre (D:9)
  A crocodile (D:9)
  2 big kobolds (D:8)
  7 bullfrogs
  An elf zombie (Ossuary)
  A water moccasin zombie (D:8)
  3 scorpions
  3 vampire bats (D:3)
  2 howler monkeys (D:7)
  4 crimson imps
  2 hounds
  4 orc priests
  3 bullfrog skeletons
  A human zombie (Ossuary)
  A jelly (D:9)
  4 orc wizards
  2 iguanas
  7 worker ants
  5 big kobold zombies (Ossuary)
  A hound zombie (D:6)
  2 mummies (Ossuary)
  14 adders
  3 shadow imps
  2 oozes
  A worm (D:2)
  2 dart slugs
  3 leopard geckos
  14 orcs
  2 ball pythons
  5 bats
  A bat skeleton (D:3)
  3 bat zombies (D:3)
  3 giant cockroaches
  9 goblins
  2 hobgoblins (D:2)
  8 jackals
  10 kobolds
  3 quokkas
  6 frilled lizards
  A gnoll zombie (Ossuary)
  2 goblin zombies (Ossuary)
  4 orc zombies (Ossuary)
  4 rats
172 creatures vanquished.

Notes
Turn   | Place    | Note
-------+----------+-------------------------------------------
     0 | D:1      | Reached skill level 10 in Fighting
     0 | D:1      | Lanoc the Gnoll Wanderer began the quest for the Orb.
     0 | D:1      | Lanoc set off with: a +2 scale mail, a scroll of teleportation, a potion of curing, a +0 club, a bread ration
     0 | D:1      | Reached XP level 1. HP: 28/28 MP: 2/2
   121 | D:1      | Reached XP level 2. HP: 36/36 MP: 3/3
   811 | D:2      | Reached XP level 3. HP: 42/42 MP: 4/4
   955 | D:2      | Reached skill level 1 in Invocations
  1155 | D:2      | Reached skill level 1 in Short Blades
  1155 | D:2      | Reached skill level 1 in Long Blades
  1155 | D:2      | Reached skill level 1 in Axes
  1155 | D:2      | Reached skill level 1 in Maces & Flails
  1155 | D:2      | Reached skill level 1 in Polearms
  1155 | D:2      | Reached skill level 1 in Staves
  1155 | D:2      | Reached skill level 1 in Slings
  1155 | D:2      | Reached skill level 1 in Bows
  1155 | D:2      | Reached skill level 1 in Crossbows
  1155 | D:2      | Reached skill level 1 in Throwing
  1155 | D:2      | Reached skill level 1 in Dodging
  1155 | D:2      | Reached skill level 1 in Stealth
  1155 | D:2      | Reached skill level 1 in Spellcasting
  1207 | D:2      | Reached XP level 4. HP: 44/48 MP: 6/6
  1894 | D:3      | Found a roughly hewn altar of Beogh.
  1948 | D:3      | Reached skill level 1 in Conjurations
  1948 | D:3      | Reached skill level 1 in Hexes
  1948 | D:3      | Reached skill level 1 in Charms
  1948 | D:3      | Reached skill level 1 in Summonings
  1948 | D:3      | Reached skill level 1 in Necromancy
  1948 | D:3      | Reached skill level 1 in Translocations
  1948 | D:3      | Reached skill level 1 in Transmutations
  1948 | D:3      | Reached skill level 1 in Fire Magic
  1948 | D:3      | Reached skill level 1 in Ice Magic
  1948 | D:3      | Reached skill level 1 in Air Magic
  1948 | D:3      | Reached skill level 1 in Earth Magic
  1948 | D:3      | Reached skill level 1 in Poison Magic
  1961 | D:3      | Reached XP level 5. HP: 20/54 MP: 7/7
  2236 | D:3      | Found an ancient bone altar of Kikubaaqudgha.
  2272 | D:3      | Reached XP level 6. HP: 55/61 MP: 8/8
  2802 | D:4      | Reached skill level 5 in Armour
  3382 | D:4      | Reached XP level 7. HP: 58/67 MP: 10/10
  4173 | D:5      | Entered Level 5 of the Dungeon
  4816 | D:5      | Reached XP level 8. HP: 74/74 MP: 12/12
  5005 | D:5      | Found a glowing golden altar of the Shining One.
  5749 | D:6      | Found a sacrificial altar of Ru.
  6201 | D:7      | Reached XP level 9. HP: 54/79 MP: 14/14
  6221 | D:7      | Reached skill level 11 in Fighting
  6457 | D:7      | Found an opulent altar of Gozag.
  6666 | D:7      | Found a staircase to the Ecumenical Temple.
  6678 | Temple   | Entered the Ecumenical Temple
  6836 | Temple   | Became a worshipper of Sif Muna the Loreminder
  7236 | D:7      | Reached skill level 5 in Shields
  7236 | D:7      | Reached skill level 5 in Unarmed Combat
  7236 | D:7      | Reached skill level 5 in Evocations
  7467 | D:7      | Found a stormy altar of Qazlal.
  7659 | D:7      | Found a blossoming altar of Fedhas.
  7661 | D:7      | Found an opulent altar of Gozag.
  8191 | D:8      | Found a shadowy altar of Dithmenos.
  8203 | D:8      | Found a sand-covered staircase.
  8208 | Ossuary  | Entered an ossuary
  8698 | D:8      | Reached skill level 5 in Invocations
  8717 | D:8      | Reached * piety under Sif Muna
  9108 | D:9      | Found an iron altar of Okawaru.
  9120 | D:9      | Reached XP level 10. HP: 84/88 MP: 17/17
  9121 | D:9      | Found a basalt altar of Yredelemnul.
  9199 | D:9      | Found an ornate altar of the Wu Jian Council.
  9340 | D:9      | Noticed a two-headed ogre
  9950 | D:9      | HP: 4/88 [orc priest/divine providence (13)]
 10267 | D:9      | Found a staircase to the Orcish Mines.
 10419 | D:9      | Slain by an orc warrior

Vault maps used:
D:1:      lightli_arrival_boilingwater
D:2:      first_bread
D:3:      kennysheep_vampire_church, kennysheep_orc_chapel
D:4:      cheibrodos_helix_gallery
D:5:      cheibrodos_quashed, nicolae_tso_carved_into_rock,
          serial_bayou_crossing
D:6:      overflow_temple_1_default
D:7:      nicolae_overflow_crystal_walls, nicolae_overflow_hidden_temple,
          minmay_temple_entry_junction, grunt_livestock, grunt_gozag_statues
D:8:      kennysheep_big_flooded_room, kennysheep_mini_moat, enter_ossuary_2
D:9:      grunt_temple_overflow_open, erik_orc_1, serial_shops, shop
Temple:   hc_temple_tempest_star
Ossuary:  minmay_ossuary_gauntlet

Skill      XL: |  1  2  3  4  5  6  7  8  9 10 |
---------------+-------------------------------+-----
Fighting       | 11 | 11.3
Invocations    | 1 2 3 4 5 |  5.4
Short Blades   | 1 2 3 4 |  4.9
Long Blades    | 1 2 3 4 |  4.9
Axes           | 1 2 3 4 |  4.9
Maces & Flails | 1 2 3 4 |  4.9
Polearms       | 1 2 3 4 |  4.9
Staves         | 1 2 3 4 |  4.9
Slings         | 1 2 3 4 |  4.9
Bows           | 1 2 3 4 |  4.9
Crossbows      | 1 2 3 4 |  4.9
Throwing       | 1 2 3 4 |  4.9
Dodging        | 1 2 3 4 |  4.9
Stealth        | 1 2 3 4 |  4.9
Spellcasting   | 1 2 3 4 |  4.9
Conjurations   | 1 2 3 4 |  4.1
Hexes          | 1 2 3 4 |  4.1
Charms         | 1 2 3 4 |  4.1
Summonings     | 1 2 3 4 |  4.1
Necromancy     | 1 2 3 4 |  4.1
Translocations | 1 2 3 4 |  4.1
Transmutations | 1 2 3 4 |  4.1
Fire Magic     | 1 2 3 4 |  4.1
Ice Magic      | 1 2 3 4 |  4.1
Air Magic      | 1 2 3 4 |  4.1
Earth Magic    | 1 2 3 4 |  4.1
Poison Magic   | 1 2 3 4 |  4.1
Shields        | 3 4 5 |  5.6
Unarmed Combat | 3 4 5 |  5.6
Evocations     | 3 4 5 |  5.6
Armour         | 5 6 |  6.8

Action                   |  1- 3 |  4- 6 |  7- 9 | 10-12 || total
-------------------------+-------+-------+-------+-------++-------
Melee: Dagger            |   112 |   371 |  1272 |   324 ||  2079
       Bite              |    12 |    53 |   212 |    50 ||   327
       Club              |     1 |       |       |       ||     1
       Punch             |     1 |     8 |     4 |       ||    13
Throw: Tomahawk          |       |       |       |     1 ||     1
Evoke: Phial of floods   |       |       |       |     1 ||     1
  Use: Potion            |       |     2 |     1 |     1 ||     4
       Scroll            |       |     6 |     8 |       ||    14
 Stab: Sleeping          |       |       |     1 |       ||     1
  Eat: Bread ration      |     1 |       |     1 |       ||     2
       Chunk             |     1 |     7 |     9 |     2 ||    19
       Fruit             |       |     1 |       |       ||     1
       Meat ration       |       |       |     2 |       ||     2
       Royal jelly       |       |       |     1 |     4 ||     5
Armor: Scale mail        |    64 |   275 |   553 |   115 ||  1007
       Skin              |       |       |    35 |       ||    35
Dodge: Dodged            |    56 |   262 |   584 |   109 ||  1011
Block: Buckler           |       |       |   203 |    69 ||   272

Table legend:
 A = Spawn XP
 B = Non-spawn XP
 C = Spawn XP percentage of total XP
 D = Spawn monster count
 E = Non-spawn monster count
 F = Spawn count percentage of total count
 G = Total turns spent on level
                    A         B        C        D         E        F      G
               +---------+---------+-------+---------+---------+-------+---------
         Total |       0 |    5558 |   0.0 |       0 |     172 |   0.0 | 10419
               +---------+---------+-------+---------+---------+-------+---------
           D:1 |       0 |      31 |   0.0 |       0 |      17 |   0.0 |   748
           D:2 |       0 |      77 |   0.0 |       0 |      21 |   0.0 |   883
           D:3 |       0 |     328 |   0.0 |       0 |      18 |   0.0 |  1126
           D:4 |       0 |     331 |   0.0 |       0 |      12 |   0.0 |  1416
           D:5 |       0 |     794 |   0.0 |       0 |      18 |   0.0 |  1097
           D:6 |       0 |     389 |   0.0 |       0 |      11 |   0.0 |   715
           D:7 |       0 |    1640 |   0.0 |       0 |      19 |   0.0 |  1788
           D:8 |       0 |     520 |   0.0 |       0 |      15 |   0.0 |   938
           D:9 |       0 |    1143 |   0.0 |       0 |      25 |   0.0 |  1124
       Ossuary |       0 |     305 |   0.0 |       0 |      16 |   0.0 |   298
               +---------+---------+-------+---------+---------+-------+---------
